 Dungeon Crawl Stone Soup version 0.30.1-11-g7821555f0a (webtiles) character file.

Game seed: 14861789932267204510

36086 jfcaron the Destroyer (level 13, -1/101 HPs)
             Began as a Gnoll Conjurer on Nov 11, 2023.
             Was a High Priest of Vehumet.
             Succumbed to poison (dark miasma)
             ... in a Gauntlet.
             The game lasted 00:49:23 (17178 turns).

jfcaron the Destroyer (Gnoll Conjurer)             Turns: 17178, Time: 00:49:23

Health: -1/101     AC:  7    Str: 14    XL:     13   Next: 88%
Magic:  4/36       EV: 14    Int: 28    God:    Vehumet [*****.]
Gold:   502        SH: 15    Dex: 10    Spells: 5/32 levels left

rFire   + . .        a - +5 flail (protect)
rCold   . . .        A - +4 buckler "Gushen" {rC- Will++ Int+4}
rNeg    . . .        J - +0 leather armour "Abyigog" {rPois Will+ Int+2}
rPois   +            z - +0 helmet
rElec   +            (no cloak)
rCorr   +            N - +0 pair of gloves
SInv    .            (no boots)
Will    +++..        d - amulet of reflection
Stlth   ++++         f - ring of magical power
HPRegen 0.36/turn    n - +6 ring of strength
MPRegen 0.25/turn

%: no teleportation, reflection
@: lethally poisoned (-1 -> -25), resistant (expiring), slowed, very slow
A: fangs 1, strong nose, distributed training
a: Renounce Religion


You were in a Gauntlet.
You worshipped Vehumet.
Vehumet was extremely pleased with you.
You visited 3 branches of the dungeon, and saw 14 of its levels.
You also visited: Bailey and Gauntlet.

You collected 927 gold pieces.
You spent 425 gold pieces at shops.

Inventory:

Hand Weapons
 a - a +5 flail of protection (weapon)
   (You took it off Edmund on level 6 of the Dungeon)
 b - a +0 dagger
Missiles
 C - 10 boomerangs
 H - 6 curare-tipped darts {!f}
 I - 2 throwing nets {!f}
Armour
 r - the +0 hat of Melancholy {SInv}
   (You found it in a Gauntlet)

   SInv:      It lets you see invisible.
 z - a +0 helmet (worn)
 A - the +4 buckler "Gushen" (worn) {rC- Will++ Int+4}
   (You acquired it on level 6 of the Dungeon)

   Int:       It affects your intelligence (+4).
   rC:        It makes you vulnerable to cold.
   Will:      It greatly increases your willpower.
 B - a +3 leather armour of cold resistance
   (You bought it in a shop on level 5 of the Dungeon)
 J - the +0 leather armour "Abyigog" (worn) {rPois Will+ Int+2}
   (You bought it in a shop on level 7 of the Dungeon)

   Int:       It affects your intelligence (+2).
   rPois:     It protects you from poison.
   Will:      It increases your willpower.
 N - a +0 pair of gloves (worn)
Jewellery
 d - an amulet of reflection (around neck)
   (You found it on level 6 of the Dungeon)
 f - a ring of magical power (left hand)
 n - a +6 ring of strength (right hand)
   (You found it on level 5 of the Dungeon)
 R - a ring of see invisible
Wands
 h - a wand of mindburst (32)
   (You found it on level 5 of the Dungeon)
 j - a wand of polymorph (3)
 k - a wand of acid (1)
 v - a wand of flame (27)
 E - a wand of digging (16)
   (You found it on level 7 of the Dungeon)
 K - a wand of charming (14)
   (You found it on level 7 of the Dungeon)
 L - a wand of iceblast (4)
Scrolls
 m - 2 scrolls of vulnerability
 t - a scroll of fear
 w - 10 scrolls of enchant armour
 y - 4 scrolls of teleportation
 D - a scroll of poison
 M - a scroll of fog
Potions
 c - 4 potions of haste
 e - 4 potions of heal wounds
 g - 6 potions of magic
 i - 2 potions of brilliance
 l - 2 potions of flight
 o - 6 potions of cancellation
 p - 3 potions of lignification
 q - 2 potions of resistance
 s - 2 potions of might
 u - 3 potions of berserk rage
 F - a potion of ambrosia
 G - 4 potions of attraction
 Q - a potion of curing
Miscellaneous
 O - a phial of floods
   (You found it on level 9 of the Dungeon)


   Skills:
 + Level 9.0 Fighting
 + Level 9.0 Short Blades
 + Level 9.0 Long Blades
 + Level 9.0 Axes
 + Level 9.0 Maces & Flails
 + Level 9.0 Polearms
 + Level 9.0 Staves
 + Level 9.0 Ranged Weapons
 + Level 9.0 Throwing
 + Level 9.0 Armour
 + Level 10.1 Dodging
 + Level 10.0 Stealth
 + Level 9.0 Shields
 + Level 9.0 Unarmed Combat
 + Level 10.3 Spellcasting
 + Level 10.4 Conjurations
 + Level 7.5 Hexes
 + Level 7.5 Summonings
 + Level 7.5 Necromancy
 + Level 7.5 Translocations
 + Level 7.5 Transmutations
 + Level 7.5 Fire Magic
 + Level 7.5 Ice Magic
 + Level 7.5 Air Magic
 + Level 7.5 Earth Magic
 + Level 7.5 Poison Magic
 + Level 9.8 Invocations
 + Level 9.0 Evocations


You had 5 spell levels left.
You knew the following spells:

 Your Spells              Type           Power      Damage    Failure   Level
a - Magic Dart            Conj           100%       1d8       1%          1
b - Searing Ray           Conj           100%       2d8       1%          2
c - Fireball              Conj/Fire      29%        3d13      1%          5
d - Blink                 Tloc           100%       N/A       1%          2
e - Fulminant Prism       Conj/Hex       29%        3d14      1%          4
f - Iskenderun's Mystic   Conj/Tloc      59%        2d12      1%          4
g - Apportation           Tloc           100%       N/A       1%          1
h - Ignite Poison         Fire/Tmut/Pois 54%        N/A       1%          3
i - Lee's Rapid Deconstr  Erth           27%        3d14*     2%          5

Your spell library contained the following spells:

 Spells                   Type           Power      Damage    Failure   Level
 Starburst                Conj/Fire      29%        6d9       6%          6
 Necrotise                Necr           100%       1d9       1%          1
 Summon Small Mammal      Summ           100%       N/A       1%          1
 Lesser Beckoning         Tloc           100%       N/A       1%          2
 Momentum Strike          Conj/Tloc      100%       3d10      1%          2
 Sublimation of Blood     Necr           54%        N/A       1%          2
 Wereblood                Tmut           54%        N/A       1%          2
 Dazzling Flash           Conj/Hex       100%       N/A       1%          3
 Inner Flame              Hex/Fire       54%        N/A       1%          3
 Ozocubu's Armour         Ice            54%        N/A       1%          3
 Portal Projectile        Hex/Tloc       100%       N/A       1%          3
 Tukima's Dance           Hex            54%        N/A       1%          3
 Flame Wave               Conj/Fire      59%        2d14      1%          4
 Sticky Flame             Conj/Fire      59%        2d7       1%          4
 Manifold Assault         Tloc           54%        N/A       2%          4
 Passage of Golubria      Tloc           54%        N/A       2%          4
 Yara's Violent Unravell  Hex/Tmut       27%        3d12      2%          5
 Blade Hands              Tmut           27%        N/A       8%          5
 Summon Forest            Summ/Tloc      27%        N/A       8%          5
 Eringya's Noxious Bog    Tmut/Pois      27%        N/A       11%         6
 Ozocubu's Refrigeration  Ice            27%        4d13      47%         7
 Enfeeble                 Hex            27%        N/A       92%         7
 Storm Form               Tmut/Air       27%        N/A       92%         7
 Summon Hydra             Summ           27%        N/A       92%         7


Dungeon Overview and Level Annotations

Branches:
Dungeon (10/15)            Temple (1/1) D:4            Lair (3/5) D:10
 Shoals (0/4) Lair:2       Bailey (visited)         Gauntlet (1/1)
  Snake: Lair:2-3    Spider: Lair:2-3       Orc: D:9-12

Altars:
Ashenzari
Cheibriados
Dithmenos
Elyvilon
Fedhas
Gozag
Hepliaklqana
Kikubaaqudgha
Makhleb
Nemelex Xobeh
Okawaru
Qazlal
Ru
Sif Muna
Trog
Uskayaw
Vehumet
Wu Jian
Xom
Yredelemnul
Zin
The Shining One

Shops:
D:5 [   D:7 [

Annotations:
D:6 3 runed translucent doors, KittyFluff's ghost, novice GrBe
D:9 3 runed translucent doors
D:10 2 transporters
Lair:2 1 runed translucent door Gauntlet 13 transporters, exclusion: orange crystal statue


Innate Abilities, Weirdness & Mutations

You have very sharp teeth.
Your uncanny sense of smell can sniff out nearby items.
Your experience applies equally to all skills.


Message History

Confirm with . or Enter, or press ? or * to list all spells.
Aiming: Lee's Rapid Deconstruction (dangerous; 2% risk of failure)
Press: ? - help, Dir - move target A stone wall.
The wall shatters!
The blast of rock fragments hits the death drake!
The death drake is almost dead.
You start to feel less resistant.
You feel very sick. You block the death drake's attack.
The death drake breathes miasma at you. The foul vapour engulfs you.
* * * LOW HITPOINT WARNING * * *
Casting: Lee's Rapid Deconstruction (dangerous; 2% risk of failure)
Confirm with . or Enter, or press ? or * to list all spells.
Aiming: Lee's Rapid Deconstruction (dangerous; 2% risk of failure)
Press: ? - help, Dir - move target A stone wall.
The wall shatters!
The blast of rock fragments hits the death drake!!
You kill the death drake!
Vehumet accepts your kill.
You feel your power returning.
You are engulfed in dark miasma.
You feel yourself slow down.
* * * LOW HITPOINT WARNING * * *
You feel sick.
Your Stealth skill increases to level 10!
Okay, then.
Unknown command.
Okay, then.
Casting: Lee's Rapid Deconstruction (dangerous; 2% risk of failure)
Confirm with . or Enter, or press ? or * to list all spells.
You erupt in a blast of force!
The mystic blast hits the centaur warrior zombie.
The centaur warrior zombie is almost destroyed.
The centaur warrior zombie is knocked back by the mystic blast.
You are engulfed in dark miasma.
You are lethally poisoned!
* * * LOW HITPOINT WARNING * * *
You die...

#################################
...........≈∩≈...................
.................................
.###########.###########.########
.#...=©!)..#.#○.[}©?...#.#..|.©"!
.#...#.#...#.#.#...###Z#.#....8..
.#....#....#.#Z###...#Z#.#.######
.#.#..#..#.#.#°°°###...#.#.#.#.#.
.#.#######.#.#°#@°°#.#.#.#....©..
.#.#. #..#w#.#.###°°°#.#.##.#.#.#
.#....#.#...###°..#.#.######
.#...###...#.#.#...###.#.#.......
.#.........#.#.........#.#.......
#################################
......©#≈§≈§8≈≈§≈#©...........©..
##############################.##
≈#©.........©.........©#≈§8≈≈#.#.


You could see a centaur warrior zombie.

Vanquished Creatures
  2 hydras
  2 two-headed ogres
  A death yak (Lair:2)
  Sonja (Lair:2)
  A death drake (Gauntlet)
  A fire crab (Gauntlet)
  2 orc knights (Bailey)
  Pikel (D:6)
  A cyclops (D:9)
  5 centaur zombies (D:7)
  A moth of wrath (Gauntlet)
  2 merfolk sirens (Lair:2)
  4 black mambas
  Joseph (D:8)
  2 torpor snails
  6 cane toads
  Maggie (Lair:2)
  6 komodo dragons
  2 hellwings (D:7)
  A queen bee (Lair:3)
  2 merfolk (Lair:2)
  2 hornets
  Prince Ribbit (D:8)
  Grinder (D:4)
  21 blink frogs
  A wyvern (Lair:1)
  A spriggan (Lair:3)
  A vampire (D:10)
  3 slime creatures (D:10)
  40 yaks
  Eustachio (D:5)
  3 basilisks
  4 vampire mosquitoes (D:10)
  3 fire bats (Gauntlet)
  Edmund (D:6)
  8 water moccasins
  An acid dragon (D:10)
  10 orc warriors
  A sky beast (D:6)
  A black bear (Lair:3)
  10 wolves
  2 lemures (D:6)
  A kobold brigand (D:9)
  Blork the orc (D:6)
  9 bullfrogs
  A gnoll sergeant (D:9)
  3 scorpions
  5 wights (D:10)
  44 killer bees
  5 howler monkeys (D:8)
  6 crimson imps (D:10)
  A jelly (D:6)
  A gnoll bouda (D:9)
  2 sleepcaps
  5 hounds
  5 orc priests
  Ijyb (D:4)
  Terence (D:3)
  An iguana (D:6)
  11 orc wizards
  A boggart skeleton (D:7)
  A boggart zombie (Gauntlet)
  4 hell rats (Lair:2)
  Robin (D:4)
  7 adders
  14 gnolls
  7 shadow imps
  A white imp (D:10)
  2 ufetubi
  3 worms
  4 dart slugs
  52 orcs
  4 endoplasms
  4 giant cockroaches
  15 goblins
  12 hobgoblins
  4 jackals (D:5)
  A quokka (D:1)
  4 ball pythons
  3 bats
  5 frilled lizards
  12 kobolds
  6 rats
  25 fulminant prisms
456 creatures vanquished.

Notes
Turn   | Place    | Note
-------+----------+-------------------------------------------
     0 | D:1      | jfcaron the Gnoll Conjurer began the quest for the Orb.
     0 | D:1      | Reached XP level 1. HP: 13/13 MP: 6/6
   116 | D:1      | Reached XP level 2. HP: 19/19 MP: 2/7
   119 | D:1      | Learned a level 2 spell: Searing Ray
   721 | D:2      | Found a bloodstained altar of Trog.
   797 | D:2      | Reached skill level 5 in Spellcasting
   797 | D:2      | Reached XP level 3. HP: 25/25 MP: 9/9
   799 | D:2      | Reached skill level 1 in Invocations
  1101 | D:2      | Reached skill level 1 in Fighting
  1101 | D:2      | Reached skill level 1 in Short Blades
  1101 | D:2      | Reached skill level 1 in Long Blades
  1101 | D:2      | Reached skill level 1 in Axes
  1101 | D:2      | Reached skill level 1 in Maces & Flails
  1101 | D:2      | Reached skill level 1 in Polearms
  1101 | D:2      | Reached skill level 1 in Staves
  1101 | D:2      | Reached skill level 1 in Ranged Weapons
  1101 | D:2      | Reached skill level 1 in Throwing
  1101 | D:2      | Reached skill level 1 in Armour
  1101 | D:2      | Reached skill level 1 in Shields
  1101 | D:2      | Reached skill level 1 in Unarmed Combat
  1101 | D:2      | Reached skill level 1 in Evocations
  1241 | D:2      | Reached XP level 4. HP: 30/32 MP: 11/11
  1268 | D:2      | Learned a level 3 spell: Dazzling Flash
  1748 | D:3      | Reached skill level 1 in Hexes
  1748 | D:3      | Reached skill level 1 in Summonings
  1748 | D:3      | Reached skill level 1 in Necromancy
  1748 | D:3      | Reached skill level 1 in Translocations
  1748 | D:3      | Reached skill level 1 in Transmutations
  1748 | D:3      | Reached skill level 1 in Fire Magic
  1748 | D:3      | Reached skill level 1 in Ice Magic
  1748 | D:3      | Reached skill level 1 in Air Magic
  1748 | D:3      | Reached skill level 1 in Earth Magic
  1748 | D:3      | Reached skill level 1 in Poison Magic
  1967 | D:3      | Noticed Terence
  1986 | D:3      | Killed Terence
  1987 | D:3      | Reached XP level 5. HP: 15/37 MP: 10/12
  2492 | D:3      | Found a stormy altar of Qazlal.
  2770 | D:3      | Found a basalt altar of Yredelemnul.
  2791 | D:3      | Found an opulent altar of Gozag.
  3023 | D:4      | Found a staircase to the Ecumenical Temple.
  3053 | Temple   | Entered the Ecumenical Temple
  3268 | Temple   | Became a worshipper of Vehumet
  3321 | D:4      | Noticed Ijyb
  3330 | D:4      | Killed Ijyb
  3495 | D:4      | Noticed Grinder
  3613 | D:4      | Noticed Robin
  3648 | D:4      | Killed Robin
  3813 | D:4      | Found a shimmering blue altar of Sif Muna.
  3911 | D:4      | Reached skill level 5 in Dodging
  3911 | D:4      | Reached XP level 6. HP: 28/44 MP: 14/14
  4113 | D:5      | Entered Level 5 of the Dungeon
  4129 | D:5      | Noticed Eustachio
  4137 | D:5      | Killed Eustachio
  4389 | D:5      | Learned a level 2 spell: Blink
  4444 | D:5      | Reached XP level 7. HP: 50/50 MP: 15/15
  4695 | D:5      | Found Eboes's Armour Shoppe.
  5026 | D:6      | Reached skill level 5 in Stealth
  5029 | D:6      | Identified a scroll of acquirement
  5030 | D:6      | Acquired the +4 buckler "Gushen" {rC- Will++ Int+4}
  5059 | D:5      | Bought a +3 leather armour of cold resistance for 264 gold
                  | pieces
  5147 | D:6      | Reached * piety under Vehumet
  5147 | D:6      | Offered knowledge of Sandblast by Vehumet.
  5249 | D:6      | Noticed a two-headed ogre
  5251 | D:6      | Noticed KittyFluff's ghost (novice GrBe)
  5268 | D:6      | Noticed Edmund
  5301 | D:6      | HP: 8/51 [Edmund/+5 flail of protection (8)]
  5308 | D:6      | Killed Edmund
  5309 | D:6      | Reached XP level 8. HP: 17/58 MP: 2/16
  5461 | D:6      | Identified the +0 robe of Disappointment {Str+4 Dex-4}
  5482 | D:6      | Found a runed translucent gate.
  5482 | D:6      | Found a runed translucent gate.
  5482 | D:6      | Found a runed translucent gate.
  5744 | D:6      | Noticed Blork the orc
  5752 | D:6      | Killed Blork the orc
  5863 | D:6      | Noticed Pikel
  5890 | D:6      | Killed Pikel
  6047 | D:6      | Reached XP level 9. HP: 64/65 MP: 18/18
  6344 | D:7      | You fall into a shaft and drop 3 floors!
  6344 | D:10     | Entered Level 10 of the Dungeon
  6362 | D:9      | Found a flagged portal.
  6396 | Bailey   | Entered a bailey
  6416 | Bailey   | Learned a level 4 spell: Fulminant Prism
  6421 | Bailey   | Learned a level 4 spell: Iskenderun's Mystic Blast
  6460 | Bailey   | Reached ** piety under Vehumet
  6460 | Bailey   | Offered knowledge of Kiss of Death by Vehumet.
  6724 | Bailey   | Noticed an orc knight
  6742 | Bailey   | Killed an orc knight
  6743 | Bailey   | Reached skill level 5 in Invocations
  6885 | Bailey   | Noticed an orc knight
  6905 | Bailey   | Killed an orc knight
  6906 | Bailey   | Reached skill level 5 in Fighting
  6906 | Bailey   | Reached skill level 5 in Short Blades
  6906 | Bailey   | Reached skill level 5 in Long Blades
  6906 | Bailey   | Reached skill level 5 in Axes
  6906 | Bailey   | Reached skill level 5 in Maces & Flails
  6906 | Bailey   | Reached skill level 5 in Polearms
  6906 | Bailey   | Reached skill level 5 in Staves
  6906 | Bailey   | Reached skill level 5 in Ranged Weapons
  6906 | Bailey   | Reached skill level 5 in Throwing
  6906 | Bailey   | Reached skill level 5 in Armour
  6906 | Bailey   | Reached skill level 5 in Shields
  6906 | Bailey   | Reached skill level 5 in Unarmed Combat
  6906 | Bailey   | Reached skill level 5 in Evocations
  6906 | Bailey   | Reached XP level 10. HP: 46/74 MP: 2/20
  7199 | D:9      | Noticed a cyclops
  7212 | D:9      | Killed a cyclops
  7712 | D:7      | Offered knowledge of Volatile Blastmotes by Vehumet.
  8141 | D:7      | Found Ontalya's Antique Armour Shoppe.
  8147 | D:7      | Bought a shimmering leather armour for 161 gold pieces
  8147 | D:7      | Identified the +0 leather armour "Abyigog" {rPois Will+
                  | Int+2} (You bought it in a shop on level 7 of the Dungeon)
  8199 | D:7      | Reached skill level 5 in Hexes
  8199 | D:7      | Reached skill level 5 in Summonings
  8199 | D:7      | Reached skill level 5 in Necromancy
  8199 | D:7      | Reached skill level 5 in Translocations
  8199 | D:7      | Reached skill level 5 in Transmutations
  8199 | D:7      | Reached skill level 5 in Fire Magic
  8199 | D:7      | Reached skill level 5 in Ice Magic
  8199 | D:7      | Reached skill level 5 in Air Magic
  8199 | D:7      | Reached skill level 5 in Earth Magic
  8199 | D:7      | Reached skill level 5 in Poison Magic
  8201 | D:7      | Reached XP level 11. HP: 81/81 MP: 22/22
  8237 | D:7      | Learned a level 1 spell: Apportation
  8269 | D:7      | Reached *** piety under Vehumet
  8979 | D:4      | Killed Grinder
  9138 | D:8      | Noticed a two-headed ogre
  9148 | D:8      | Killed a two-headed ogre
  9525 | D:8      | Noticed Prince Ribbit
  9537 | D:8      | Killed Prince Ribbit
  9598 | D:8      | Offered knowledge of Ignite Poison by Vehumet.
  9603 | D:8      | Learned a level 3 spell: Ignite Poison
 10072 | D:8      | Noticed Joseph
 10080 | D:8      | Killed Joseph
 10597 | D:9      | Found an iron altar of Okawaru.
 10599 | D:9      | Found a shimmering altar of Xom.
 10602 | D:9      | Found an ancient bone altar of Kikubaaqudgha.
 10863 | D:9      | Found a runed translucent gate.
 10863 | D:9      | Found a runed translucent gate.
 10863 | D:9      | Found a runed translucent gate.
 10864 | D:9      | Noticed a red ugly thing
 10864 | D:9      | Noticed a brown ugly thing
 10867 | D:9      | Noticed a green ugly thing
 10868 | D:9      | Noticed a green ugly thing
 10868 | D:9      | Noticed a green ugly thing
 10869 | D:9      | a tyrant leech changed into a great orb of eyes
 10869 | D:9      | Noticed a great orb of eyes (glowing shapeshifter)
 10885 | D:9      | Noticed a broodmother
 10885 | D:9      | a broodmother changed into a radroach
 10885 | D:9      | Noticed a radroach (glowing shapeshifter)
 10901 | D:9      | Reached **** piety under Vehumet
 11367 | D:10     | Offered knowledge of Lee's Rapid Deconstruction by Vehumet.
 11568 | D:10     | Learned a level 5 spell: Lee's Rapid Deconstruction
 11627 | D:10     | Found a staircase to the Lair.
 11636 | D:10     | Noticed a two-headed ogre
 11650 | D:10     | Killed a two-headed ogre
 11651 | D:10     | Reached XP level 12. HP: 91/91 MP: 24/24
 11736 | D:10     | Found a transporter.
 11751 | D:10     | Noticed a deep elf knight
 11755 | D:10     | Found a transporter.
 12497 | Lair:1   | Entered Level 1 of the Lair of Beasts
 12606 | Lair:1   | Reached ***** piety under Vehumet
 13106 | Lair:1   | Offered knowledge of Fireball by Vehumet.
 13135 | Lair:1   | Learned a level 5 spell: Fireball
 14052 | Lair:2   | Reached XP level 13. HP: 81/98 MP: 8/26
 14315 | Lair:2   | Noticed Maggie
 14318 | Lair:2   | Reached skill level 10 in Conjurations
 14318 | Lair:2   | Killed Maggie
 14448 | Lair:2   | Noticed Sonja
 14454 | Lair:2   | Killed Sonja
 15020 | Lair:2   | Offered knowledge of Starburst by Vehumet.
 15254 | Lair:2   | Reached skill level 10 in Spellcasting
 15657 | Lair:2   | Found a runed translucent door.
 15846 | Lair:2   | Found a staircase to the Shoals.
 16407 | Lair:3   | Reached skill level 10 in Dodging
 16495 | Lair:3   | Found a gate leading to a gauntlet.
 16512 | Gauntlet | Entered a Gauntlet
 16512 | Gauntlet | Found a transporter.
 16652 | Gauntlet | Found a transporter.
 16667 | Gauntlet | Found a transporter.
 16672 | Gauntlet | Found a transporter.
 16675 | Gauntlet | Noticed a reaper
 16687 | Gauntlet | Found the +10 morningstar "Eos" {elec, Halo rElec}
 16689 | Gauntlet | Found a transporter.
 16707 | Gauntlet | Found a transporter.
 16719 | Gauntlet | Found a transporter.
 16731 | Gauntlet | Found a transporter.
 16743 | Gauntlet | Found a transporter.
 16755 | Gauntlet | Found a transporter.
 16772 | Gauntlet | Found a transporter.
 16790 | Gauntlet | Found a transporter.
 16792 | Gauntlet | Found a transporter.
 16821 | Gauntlet | Found a transporter.
 16823 | Gauntlet | Found a transporter.
 16823 | Gauntlet | Found a transporter.
 16851 | Gauntlet | Found a transporter.
 16853 | Gauntlet | Found a transporter.
 17141 | Gauntlet | Identified the +0 hat of Melancholy {SInv}
 17178 | Gauntlet | Reached skill level 10 in Stealth
 17178 | Gauntlet | HP: 7/101 [something (15)]
 17178 | Gauntlet | Succumbed to poison (dark miasma)

Illustrated notes

Levels and vault maps discovered:
D:1:      minmay_arrival_jagged, layout_rooms
D:2:      layout_basic, basic_altar
D:3:      minmay_general_purpose_star, layout_basic, mainiacjoe_overflow_swirl,
          grunt_qazlal_clouds, uniq_terence
D:4:      layout_loops_ring, mainiacjoe_overflow_alcove_4, temple_pool_b,
          uniq_grinder, uniq_robin, uniq_ijyb
D:5:      layout_basic, serial_shops, shop, uniq_eustachio
D:6:      layout_rooms, serial_aquarium, aquarium_bridge_straight
          [aquarium_subvault_bridge, aquarium_subvault_window,
          aquarium_subvault_bridge, aquarium_subvault_wall], aquarium_window_1,
          aquarium_window_fake, aquarium_window_corridor_1,
          aquarium_window_fake, aquarium_view_2e, gammafunk_ghost_split,
          uniq_pikel, uniq_edmund, uniq_blork_the_orc
D:7:      cheibrodos_grave_circle, layout_basic, serial_shops, shop
D:8:      layout_gridville, serial_park_tiny_2, wad_floor_pattern_untrapped,
          uniq_prince_ribbit1, uniq_joseph
D:9:      layout_roguey, minmay_overflow_temple_star_quad, enter_bailey_5,
          ploomutoo_gammafunk_ghost_potion_laboratory, minmay_tree_intersection
D:10:     gammafunk_wand_slinger, layout_basic, david_lair_shrubbed,
          minmay_nine_imps
Temple:   regret_index_temple_generic_petals
Lair:1:   layout_regular_city, guppyfry_lair_drakes, infiniplex_staircase_pool_2
Lair:2:   gammafunk_lair_enchanted_lake, layout_chaotic_city,
          elwin_shoals_entry_stream, pdpol_lair_neglected_garden,
          grunt_megastairs_1, uniq_sonja, uniq_maggie
Lair:3:   layout_misc_corridors, hellmonk_spider_entry_not_the_bees,
          special_room [special_room_bee], serial_forest,
          infiniplex_forest_clump_medium, infiniplex_forest_zigzag_1,
          infiniplex_forest_lined_3, infiniplex_forest_straight_2,
          infiniplex_forest_end_2, infiniplex_forest_lined_4_way,
          infiniplex_forest_corner_1, infiniplex_forest_lined_3,
          gauntlet_entry_generic, grunt_forest_large_clearing_hut
Gauntlet: gammafunk_gauntlet_one_two_three
          [gammafunk_gauntlet_arena_arrow_garden, nicolae_gauntlet_arena_blocks,
          gammafunk_gauntlet_arena_split_x, nicolae_gauntlet_swirl,
          gammafunk_gauntlet_arena_teeth, nicolae_gauntlet_arena_grate_2,
          nicolae_gauntlet_arena_t_cross, gammafunk_gauntlet_arena_crates,
          nicolae_gauntlet_arena_quarters, gauntlet_exit_watery]

Skill      XL: |  1  2  3  4  5  6  7  8  9 10 11 12 13 |
---------------+----------------------------------------+-----
Spellcasting   | 5 6 7 8 9 10 | 10.3
Invocations    | 1 2 3 4 5 6 7 8 9 |  9.8
Fighting       | 1 2 3 5 6 7 8 9 |  9.0
Short Blades   | 1 2 3 5 6 7 8 9 |  9.0
Long Blades    | 1 2 3 5 6 7 8 9 |  9.0
Axes           | 1 2 3 5 6 7 8 9 |  9.0
Maces & Flails | 1 2 3 5 6 7 8 9 |  9.0
Polearms       | 1 2 3 5 6 7 8 9 |  9.0
Staves         | 1 2 3 5 6 7 8 9 |  9.0
Ranged Weapons | 1 2 3 5 6 7 8 9 |  9.0
Throwing       | 1 2 3 5 6 7 8 9 |  9.0
Armour         | 1 2 3 5 6 7 8 9 |  9.0
Shields        | 1 2 3 5 6 7 8 9 |  9.0
Unarmed Combat | 1 2 3 5 6 7 8 9 |  9.0
Evocations     | 1 2 3 5 6 7 8 9 |  9.0
Hexes          | 1 2 3 4 5 6 7 |  7.5
Summonings     | 1 2 3 4 5 6 7 |  7.5
Necromancy     | 1 2 3 4 5 6 7 |  7.5
Translocations | 1 2 3 4 5 6 7 |  7.5
Transmutations | 1 2 3 4 5 6 7 |  7.5
Fire Magic     | 1 2 3 4 5 6 7 |  7.5
Ice Magic      | 1 2 3 4 5 6 7 |  7.5
Air Magic      | 1 2 3 4 5 6 7 |  7.5
Earth Magic    | 1 2 3 4 5 6 7 |  7.5
Poison Magic   | 1 2 3 4 5 6 7 |  7.5
Dodging        | 5 6 7 8 9 10 | 10.1
Stealth        | 5 6 7 8 9 10 | 10.0
Conjurations   | 8 9 10 | 10.4

Action                     |  1- 3 |  4- 6 |  7- 9 | 10-12 | 13-15 || total
---------------------------+-------+-------+-------+-------+-------++-------
  Melee: Quarterstaff      |     5 |    42 |       |       |       ||    47
         Bite              |       |     3 |     1 |    19 |     3 ||    26
         Mace              |       |       |    25 |       |       ||    25
         Flail             |       |       |    25 |   165 |    83 ||   273
  Throw: Throwing net      |       |     1 |       |       |       ||     1
         Dart              |       |     6 |    20 |    23 |     4 ||    53
   Cast: Magic Dart        |    58 |    74 |    54 |   205 |       ||   391
         Searing Ray       |     1 |    12 |    29 |    56 |     7 ||   105
         Dazzling Flash    |       |     1 |     5 |     5 |       ||    11
         Fulminant Prism   |       |       |    11 |    11 |     3 ||    25
         Blink             |       |       |       |     1 |     2 ||     3
         Iskenderun's Myst |       |       |       |    41 |    20 ||    61
         Lee's Rapid Decon |       |       |       |    21 |    18 ||    39
         Fireball          |       |       |       |    33 |    62 ||    95
  Evoke: Wand              |       |       |     7 |     2 |     2 ||    11
    Use: Scroll            |     1 |    11 |     5 |     7 |       ||    24
         Potion            |       |       |     6 |       |     1 ||     7
   Stab: Sleeping          |       |     1 |       |       |       ||     1
         Invisible         |       |       |     2 |     2 |       ||     4
 Armour: Robe              |     1 |    12 |       |       |       ||    13
         Animal skin       |       |     3 |       |       |       ||     3
         Leather armour    |       |       |    16 |    57 |    14 ||    87
         Skin              |       |       |     8 |       |       ||     8
  Dodge: Dodged            |     7 |    29 |    38 |   104 |    52 ||   230
  Block: Buckler           |       |       |    50 |   189 |   101 ||   340
         Reflection        |       |       |       |     6 |     3 ||     9

Table legend: (Time is in decaauts)
 A = Elapsed time spent in this place.
 B = Non-inter-level travel time spent in this place.
 C = Inter-level travel time spent in this place.
 D = Time resting spent in this place.
 E = Time spent auto-exploring this place.
 F = Levels seen in this place.
 G = Mean time per level.
                   A        B        C        D        E       F      G
               +--------+--------+--------+--------+--------+-----+--------+
         Total |  17277 |  16382 |    895 |   4404 |   9012 |  16 | 1079.8 |
       Dungeon |  11586 |  10877 |    709 |   2140 |   7075 |  10 | 1158.6 |
        Temple |    251 |    191 |     60 |      0 |    179 |   1 |  251.0 |
          Lair |   4083 |   3957 |    126 |   1838 |   1513 |   3 | 1361.0 |
        Bailey |    690 |    690 |      0 |    426 |     24 |   1 |  690.0 |
      Gauntlet |    665 |    665 |      0 |      0 |    221 |   1 |  665.0 |
               +--------+--------+--------+--------+--------+-----+--------+

Top non-repeatable levels by time:
  Lair:1: 2082 daAuts
  Lair:2: 1821 daAuts
     D:8: 1358 daAuts
     D:6: 1342 daAuts
     D:7: 1323 daAuts
     D:9: 1290 daAuts
    D:10: 1282 daAuts
     D:3: 1196 daAuts
     D:4: 1152 daAuts
     D:2: 988 daAuts
     D:5: 949 daAuts
     D:1: 704 daAuts
  Bailey: 690 daAuts
Gauntlet: 665 daAuts
  Temple: 251 daAuts

Table legend:
 A = Kills in this place as a percentage of kills in the entire game.
 B = Kills by you in this place as a percentage of kills by you in the entire game.
 C = Kills by friends in this place as a percentage of kills by friends in the entire game.
 D = Other kills in this place as a percentage of other kills in the entire game.
 E = Experience gained in this place as a percentage of experience gained in the entire game.
 F = Experience gained in this place divided by the number of levels of this place that you have seen.
                   A       B       C       D       E      F
               +-------+-------+-------+-------+-------+----------------------
         Total | 100.0 | 100.0 | 100.0 | 100.0 | 100.0 | 3222.0
       Dungeon |  62.1 |  62.5 |   0.0 |   0.0 |  35.5 | 1830.3
          Lair |  29.0 |  28.5 | 100.0 | 100.0 |  53.6 | 9210.3
        Bailey |   6.1 |   6.1 |   0.0 |   0.0 |   4.7 | 2447.0
      Gauntlet |   2.8 |   2.8 |   0.0 |   0.0 |   6.2 | 3171.0
               +-------+-------+-------+-------+-------+----------------------

Levels and vault maps discovered:
D:1:      minmay_arrival_jagged, layout_rooms
D:2:      layout_basic, basic_altar
D:3:      minmay_general_purpose_star, layout_basic, mainiacjoe_overflow_swirl,
          grunt_qazlal_clouds, uniq_terence
D:4:      layout_loops_ring, mainiacjoe_overflow_alcove_4, temple_pool_b,
          uniq_grinder, uniq_robin, uniq_ijyb
D:5:      layout_basic, serial_shops, shop, uniq_eustachio
D:6:      layout_rooms, serial_aquarium, aquarium_bridge_straight
          [aquarium_subvault_bridge, aquarium_subvault_window,
          aquarium_subvault_bridge, aquarium_subvault_wall], aquarium_window_1,
          aquarium_window_fake, aquarium_window_corridor_1,
          aquarium_window_fake, aquarium_view_2e, gammafunk_ghost_split,
          uniq_pikel, uniq_edmund, uniq_blork_the_orc
D:7:      cheibrodos_grave_circle, layout_basic, serial_shops, shop
D:8:      layout_gridville, serial_park_tiny_2, wad_floor_pattern_untrapped,
          uniq_prince_ribbit1, uniq_joseph
D:9:      layout_roguey, minmay_overflow_temple_star_quad, enter_bailey_5,
          ploomutoo_gammafunk_ghost_potion_laboratory, minmay_tree_intersection
D:10:     gammafunk_wand_slinger, layout_basic, david_lair_shrubbed,
          minmay_nine_imps
Temple:   regret_index_temple_generic_petals
Lair:1:   layout_regular_city, guppyfry_lair_drakes, infiniplex_staircase_pool_2
Lair:2:   gammafunk_lair_enchanted_lake, layout_chaotic_city,
          elwin_shoals_entry_stream, pdpol_lair_neglected_garden,
          grunt_megastairs_1, uniq_sonja, uniq_maggie
Lair:3:   layout_misc_corridors, hellmonk_spider_entry_not_the_bees,
          special_room [special_room_bee], serial_forest,
          infiniplex_forest_clump_medium, infiniplex_forest_zigzag_1,
          infiniplex_forest_lined_3, infiniplex_forest_straight_2,
          infiniplex_forest_end_2, infiniplex_forest_lined_4_way,
          infiniplex_forest_corner_1, infiniplex_forest_lined_3,
          gauntlet_entry_generic, grunt_forest_large_clearing_hut
Gauntlet: gammafunk_gauntlet_one_two_three
          [gammafunk_gauntlet_arena_arrow_garden, nicolae_gauntlet_arena_blocks,
          gammafunk_gauntlet_arena_split_x, nicolae_gauntlet_swirl,
          gammafunk_gauntlet_arena_teeth, nicolae_gauntlet_arena_grate_2,
          nicolae_gauntlet_arena_t_cross, gammafunk_gauntlet_arena_crates,
          nicolae_gauntlet_arena_quarters, gauntlet_exit_watery]
